Map: Abyssal Reef LE

Players

MaNa - Winner!

  • Race: Protoss Protoss
  • Spawn Location: 5:00

Avokado

  • Race: Terran Terran
  • Spawn Location: 11:00

Event: WCS Jonkoping 2017

VOD

Have the link to the VOD?

Description

Time

  • Played on: June 17, 2017, 9:18 a.m.
  • Length: 7:22

All games in this series

Show
View Real Time Build Order
Export as new Build Order

MaNa Protoss - Winner!

Build Orders: Oracle Opening 

Get SALT Encoding   

  12  0:00  Probe (Chrono Boost)  
  13  0:11  Probe (Chrono Boost)  
  14  0:17  Pylon  
  14  0:22  Probe (Chrono Boost)  
  15  0:35  Probe (Chrono Boost)  
  16  0:36  Gateway  
  16  0:45  Probe (Chrono Boost)  
  16  0:47  Assimilator  
  17  0:56  Probe (Chrono Boost)  
  18  0:57  Assimilator  
  18  1:06  Probe (Chrono Boost)  
  19  1:17  Probe (Chrono Boost)  
  20  1:23  Cybernetics Core  
  20  1:28  Probe (Chrono Boost), Pylon  
  21  1:38  Probe (Chrono Boost)  
  22  1:46  Zealot (Chrono Boost)  
  24  1:49  Probe  
  25  2:00  Stargate  
  25  2:05  Probe  
  26  2:10  Adept (Chrono Boost)  
  28  2:22  Nexus  
  28  2:31  Pylon  
  28  2:33  Warp Gate (Chrono Boost)  
  28  2:36  Probe  
  28  2:43  Oracle (Chrono Boost)  
  31  2:49  Probe  
  32  2:53  Adept  
  34  3:01  Probe  
  35  3:13  Probe  
  35  3:15  Oracle (Chrono Boost)  
  39  3:33  Probe  
  40  3:35  Gateway  
  40  3:36  Gateway  
  38  3:47  Probe  
  38  3:48  Probe  
  40  3:57  Probe  
  40  4:00  Probe (Chrono Boost)  
  42  4:09  Probe (Chrono Boost)  
  43  4:13  Probe (Chrono Boost)  
  43  4:15  Nexus  
  44  4:20  Probe (Chrono Boost)  
  45  4:36  Twilight Council  
  45  4:37  Forge  
  43  4:38  Probe x2 (Chrono Boost)  
  43  4:43  Zealot x2, Sentry  
  49  4:47  Pylon  
  49  4:50  Probe (Chrono Boost)  
  49  4:52  Probe (Chrono Boost)  
  51  4:56  Pylon, Protoss Ground Weapons Level 1  
  51  5:00  Probe (Chrono Boost)  
  52  5:08  Gateway  
  52  5:13  Charge (Chrono Boost)  
  52  5:17  Gateway  
  52  5:19  Gateway  
  52  5:24  Probe  
  54  5:30  Mothership Core  
  54  5:31  Pylon  
  54  5:34  Assimilator  
  55  5:36  Assimilator  
  55  5:38  Probe  
  55  5:40  Probe  
  57  5:45  Phoenix  
  59  5:50  Robotics Facility  
  59  5:51  Probe  
  60  5:59  Zealot x2  
  60  6:00  Zealot  
  66  6:06  Probe  
  66  6:08  Probe x2  
  69  6:12  Zealot x2  
  69  6:16  Zealot  
  75  6:23  Zealot x2  
  75  6:24  Zealot  
  81  6:33  Stalker x2  
  81  6:36  Zealot  
  87  6:46  Probe  
  88  6:48  Probe  
  88  6:49  Stalker x3  
  89  7:01  Sentry  
  89  7:02  Sentry  
  89  7:04  Pylon, Assimilator  
  89  7:06  Assimilator  
Show
View Real Time Build Order
Export as new Build Order

Avokado Terran 

Build Orders:  

Get SALT Encoding   

  12  0:00  SCV  
  13  0:12  SCV  
  14  0:17  Supply Depot  
  14  0:25  SCV  
  15  0:28  Refinery  
  15  0:38  SCV  
  16  0:44  Barracks  
  16  0:50  SCV  
  17  1:03  SCV  
  18  1:15  SCV  
  19  1:31  Orbital Command  
  19  1:32  Barracks Reactor  
  19  1:43  Command Center  
  19  1:54  Factory  
  19  1:59  SCV  
  20  2:09  Marine, Supply Depot  
  20  2:10  Marine  
  22  2:16  SCV  
  22  2:20  Refinery  
  23  2:31  Marine x2, SCV  
  26  2:38  Starport  
  26  2:41  Widow Mine  
  28  2:46  SCV  
  28  2:49  Marine  
  28  2:50  Marine  
  31  2:59  Orbital Command  
  31  3:02  SCV  
  32  3:11  Marine x2  
  34  3:12  Factory Tech Lab  
  34  3:14  SCV  
  35  3:20  Viking  
  35  3:24  SCV  
  35  3:26  SCV  
  39  3:31  Supply Depot  
  39  3:32  Marine  
  40  3:34  Marine  
  39  3:41  SCV  
  39  3:45  Siege Tank  
  37  3:49  SCV  
  37  3:50  Marine  
  37  3:52  Marine  
  37  3:58  SCV  
  37  4:06  SCV  
  37  4:07  Marine  
  37  4:10  Marine  
  36  4:18  Viking  
  36  4:21  SCV  
  31  4:25  Marine  
  32  4:35  Marine  
  33  4:40  SCV  
  33  4:41  SCV  
  33  4:43  Marine  
  36  4:52  SCV  
  37  4:53  Siege Tank  
  37  4:55  SCV  
  37  4:58  Marine  
  42  5:05  Viking  
  44  5:09  SCV  
  44  5:11  SCV  
  46  5:14  Marine  
  46  5:18  Marine  
  48  5:21  SCV  
  48  5:23  SCV  
  48  5:25  Supply Depot  
  50  5:32  Siege Tank  
  50  5:33  SCV  
  54  5:39  Supply Depot  
  54  5:46  Marine x2  
  54  5:47  SCV  
  54  5:49  Engineering Bay  
  57  5:50  SCV  
  58  5:58  Viking  
  58  5:59  SCV  
  58  6:03  SCV  
  62  6:04  Marine  
  62  6:11  SCV  
  64  6:13  Supply Depot  
  64  6:15  SCV, Missile Turret  
  64  6:17  Missile Turret  
  65  6:22  Siege Tank  
  65  6:23  Marine  
  65  6:25  SCV  
  70  6:33  Supply Depot  
  70  6:34  Marine  
  70  6:37  SCV  
  72  6:40  Supply Depot  
  72  6:46  Marine  
  51  6:58  SCV  
  51  6:59  SCV  
  51  7:00  Barracks  
  51  7:01  Barracks  
  50  7:04  Starport Reactor  
  51  7:10  Supply Depot  
Tags
 
Add a new tag
Caveats
  • Supply blocks, unpowered buildings, or Contaminate may cause inaccurate times.
  • Supply counts are checked every 10 seconds.